 Dungeon Crawl Stone Soup version 0.24.0-29-g8ce449bc06 (webtiles) character file.

Game seed: 16341395805688889666, levelgen mode: deterministic

152 Delamore the Chopper (level 5, -2/45 HPs)
             Began as a Hill Orc Fighter on Nov 15, 2019.
             Slain by an ogre
             ... wielding a +0 giant club
              (24 damage)
             ... on level 3 of the Dungeon.
             The game lasted 00:01:48 (2142 turns).

Delamore the Chopper (Hill Orc Fighter)             Turns: 2142, Time: 00:01:49

Health: -2/45      AC:  8    Str: 20    XL:     5   Next: 34%
Magic:  5/5        EV:  7    Int:  8    God:
Gold:   75         SH:  9    Dex: 10    Spells: 4/4 levels left

rFire    . . .     SeeInvis .   a - +0 war axe
rCold    . . .     Gourm    .   c - +0 shield
rNeg     . . .     Faith    .   b - +0 scale mail
rPois    .         Spirit   .   (no helmet)
rElec    .         Reflect  .   (no cloak)
rCorr    .         Harm     .   (no gloves)
MR       .....                  n - +0 pair of boots
Stlth    ..........             (no amulet)
HPRegen  0.15/turn              (no ring)
MPRegen  0.09/turn              (no ring)

@: no status effects
A: no striking features
a: no special abilities


You were on level 3 of the Dungeon.
You were not hungry.

You visited 1 branch of the dungeon, and saw 3 of its levels.

You collected 75 gold pieces.

Inventory:

Hand Weapons
 a - a +0 war axe (weapon)
Missiles
 j - 6 poisoned darts (quivered)
Armour
 b - a +0 scale mail (worn)
 c - a +0 shield (worn)
 n - a +0 pair of boots (worn)
Scrolls
 e - a scroll of magic mapping {unknown}
 g - a scroll of random uselessness {unknown}
 h - 3 scrolls of remove curse {unknown}
 i - 6 scrolls of identify {unknown}
 k - a scroll of teleportation {unknown}
 o - 2 scrolls of amnesia {unknown}
Potions
 d - 3 potions of might
 l - a potion of brilliance {unknown}
 m - 3 potions of curing {unknown}
Comestibles
 f - 4 rations
 p - 5 chunks of flesh


   Skills:
 - Level 3.6 Fighting
 + Level 7.1 Axes
 - Level 3.2 Armour
 - Level 3.2 Shields


You had 4 spell levels left.
You didn't know any spells.
Your spell library was empty.

Dungeon Overview and Level Annotations

Branches:
Dungeon (3/15)

Altars:
Cheibriados
Vehumet
Yredelemnul


Message History

The ogre is severely wounded.
You slash the bat!
You kill the bat!
You closely miss the quokka. You block the ogre's attack.
Something bites the plant but does no damage.
The quokka closely misses you.
You barely miss the ogre.
The ogre is severely wounded.
You closely miss the quokka. The quokka barely misses you.
Something bites the plant but does no damage.
You block the ogre's attack.
The quokka twitches its whiskers.
The quokka bites you but does no damage.
You hit the ogre.
The ogre is severely wounded.
You hit the quokka.
You kill the quokka!
The ogre hits you with a +0 giant club!!
Ouch! That really hurt!
You die...

#####........)......##
#.#
#....#...#.####..#...
#)..##.....#.### .#.##
#.## ###...#...###....
#. ##...###..#..### #
......#.......#
####PP#.#.......#
...PPP#.#.......##
......)@.....).....
......O†...........
..).............##.
.P....#.#.......#
......#.....<...#
.PP####.#......... ...
....####.... .. ...##
.###


You could see an ogre.

Vanquished Creatures
  Natasha (twice) (D:3)
  3 gnolls (D:2)
  2 adders (D:2)
  A worm (D:2)
  2 dart slugs
  A ball python (D:3)
  2 giant cockroaches
  6 goblins
  5 hobgoblins
  6 kobolds
  4 quokkas
  9 bats
  4 frilled lizards
  6 rats
53 creatures vanquished.

Notes
Turn   | Place    | Note
-------+----------+-------------------------------------------
     0 | D:1      | Delamore the Hill Orc Fighter began the quest for the Orb.
     0 | D:1      | Reached XP level 1. HP: 19/19 MP: 1/1
     9 | D:1      | Reached skill level 3 in Axes
    77 | D:1      | Reached XP level 2. HP: 24/26 MP: 2/2
   134 | D:1      | Reached skill level 4 in Axes
   397 | D:2      | Reached XP level 3. HP: 30/31 MP: 3/3
   458 | D:2      | Found a snail-covered altar of Cheibriados.
   653 | D:2      | Reached skill level 5 in Axes
  1034 | D:2      | Found a radiant altar of Vehumet.
  1271 | D:2      | Reached XP level 4. HP: 38/39 MP: 4/4
  1542 | D:2      | Reached skill level 6 in Axes
  2025 | D:3      | Found a basalt altar of Yredelemnul.
  2025 | D:3      | Noticed Natasha
  2033 | D:3      | Killed Natasha
  2036 | D:3      | Reached XP level 5. HP: 39/45 MP: 5/5
  2045 | D:3      | Noticed Natasha
  2052 | D:3      | Killed Natasha
  2052 | D:3      | Reached skill level 7 in Axes
  2130 | D:3      | Noticed an ogre
  2142 | D:3      | Slain by an ogre

Levels and vault maps discovered:
D:1:      onia_arrival_pyramid, layout_rooms, minivault_19
D:2:      layout_basic, marbit_many_paths, old_standard_altar, first_ration
D:3:      cheibrodos_old_hovel, layout_rooms, old_standard_altar, minitemple,
          yredelemnul_altar_generic, uniq_natasha

Skill      XL: |  1  2  3  4  5 |
---------------+----------------+-----
Axes           | 3 4 5 6 7 |  7.1
Fighting       | |  3.6
Armour         | |  3.2
Shields        | |  3.2

Action                   |  1- 3 |  4- 6 || total
-------------------------+-------+-------++-------
Melee: War axe           |   122 |    51 ||   173
  Eat: Chunk             |     1 |     3 ||     4
Armor: Scale mail        |    53 |    26 ||    79
Dodge: Dodged            |    51 |    24 ||    75
Block: Shield            |    59 |    29 ||    88
